 Dungeon Crawl Stone Soup version 0.27-a0-328-g7f782ed93a (webtiles) character file.

Game seed: 9227020393687691039

10 lunkers the Insei (level 2, 0/21 HPs)
             Began as a Merfolk Transmuter on Feb 11, 2021.
             Slain by a kobold
             ... wielding a +0 short sword
              (4 damage)
             ... on level 1 of the Dungeon.
             The game lasted 00:00:30 (334 turns).

lunkers the Insei (Merfolk Transmuter)               Turns: 334, Time: 00:00:31

Health: 0/21       AC:  2    Str: 10    XL:     2   Next: 20%
Magic:  4/5        EV: 13    Int: 12    God:
Gold:   10         SH:  0    Dex: 14    Spells: 4/5 levels left

rFire    . . .     SeeInvis .     - Unarmed
rCold    . . .     Faith    .   (no shield)
rNeg     . . .     Spirit   .   a - +0 robe
rPois    .         Reflect  .   (helmet currently unavailable)
rElec    .         Harm     .   (no cloak)
rCorr    .         Rampage  .   (no gloves)
Will     .....                  (boots currently unavailable)
Stlth    +.........             (no amulet)
HPRegen  0.07/turn              (no ring)
MPRegen  0.09/turn              (no ring)

@: appendages (expiring)
A: change form in water, swift swim, stealthy swim, horns 2
a: End Transformation


You were on level 1 of the Dungeon.
You had grown temporary horns.
You visited 1 branch of the dungeon, and saw 1 of its levels.

You collected 10 gold pieces.

Inventory:

Armour
 a - a +0 robe (worn)
Scrolls
 b - 3 scrolls of enchant weapon {unknown}


   Skills:
 - Level 1.1 Fighting
 - Level 2.6 Dodging
 * Level 3.8 Unarmed Combat
 - Level 2.0 Spellcasting
 + Level 3.1 Transmutations


You had 4 spell levels left.
You knew the following spells:

 Your Spells              Type           Power        Failure   Level
p - Beastly Appendage     Tmut           16%          8%          1

Your spell library contained the following spells:

 Spells                   Type           Power        Failure   Level
 Wereblood                Tmut           8%           12%         2
 Spider Form              Tmut/Pois      2%           41%         3
 Ice Form                 Ice/Tmut       4%           82%         4
 Blade Hands              Tmut           4%           91%         5


Dungeon Overview and Level Annotations

Branches:
Dungeon (1/15)

Altars:


Innate Abilities, Weirdness & Mutations

You revert to your normal form in water.
You are very nimble and swift while swimming.
You are very stealthy in the water. (Stealth+)
You have a pair of horns on your head.


Message History

Your headbutt misses the frilled lizard.
The bat barely misses you. The frilled lizard closely misses you.
You miss the bat. The bat hits you but does no damage.
The frilled lizard closely misses you.
You miss the frilled lizard. The frilled lizard bites you. The bat misses you.
You barely miss the bat. The bat hits you but does no damage.
The frilled lizard bites you but does no damage.
You closely miss the bat.
Your transformation is almost over.
The bat closely misses you. The frilled lizard misses you.
You closely miss the bat. The bat barely misses you.
The bat closely misses you. The frilled lizard bites you.
You miss the kobold. The bat hits you.
The kobold hits you with a +0 short sword.
* * * LOW HITPOINT WARNING * * *
The frilled lizard barely misses you. The bat completely misses you.
The bat barely misses you. The bat barely misses you.
Casting: Beastly Appendage (safe; 8% risk of failure)
Confirm with . or Enter, or press ? or * to list all spells.
You extend your transformation's duration.
The frilled lizard closely misses you.
You hit the frilled lizard.
You kill the frilled lizard!
The bat closely misses you.
You barely miss the bat. You headbutt the bat.
You kill the bat!
You closely miss the kobold. You barely miss the kobold.
The kobold hits you with a +0 short sword.
* * * LOW HITPOINT WARNING * * *
You barely miss the kobold. Your punch misses the kobold.
Your transformation is almost over.
The kobold hits you with a +0 short sword.
* * * LOW HITPOINT WARNING * * *
You barely miss the kobold. Your headbutt misses the kobold.
The kobold closely misses you.
You barely miss the kobold.
The kobold hits you with a +0 short sword.
You die...

.>......#.......##.♣.##
.........###.##...#♣#♣#
...###...[#...##.#.
.............###.#
....##.##.#....#.# . #
# #.##.#.##...## ... #
#.#.###...##....$ #.#.#
##......... #.#.#
#@###...). ....####K#
.... .........# ...
...............
.......####.... .......
.. ....... .......
.......


You could see a kobold.

Vanquished Creatures
  A dart slug (D:1)
  A giant cockroach (D:1)
  A hobgoblin (D:1)
  3 kobolds (D:1)
  A bat (D:1)
  A frilled lizard (D:1)
  A rat (D:1)
9 creatures vanquished.

Notes
Turn   | Place    | Note
-------+----------+-------------------------------------------
     0 | D:1      | lunkers the Merfolk Transmuter began the quest for the Orb.
     0 | D:1      | Reached XP level 1. HP: 15/15 MP: 3/3
   276 | D:1      | Reached XP level 2. HP: 21/21 MP: 3/5
   334 | D:1      | Slain by a kobold

Illustrated notes

Levels and vault maps discovered:
D:1:      tarquinn_simple_flora_water_d, layout_rooms, minmay_crystal_water,
          hangedman_decor_opposing, minmay_misc_feat_square

Skill      XL: |  1 |
---------------+----+-----
Transmutations | 3 |  3.1
Fighting       | |  1.1
Dodging        | |  2.6
Unarmed Combat | |  3.8
Spellcasting   | |  2.0

Action                   || total
-------------------------++-------
Melee: Unarmed           ||    31
       Headbutt          ||     7
 Cast: Beastly Appendage ||     7
Armor: Robe              ||     4
Dodge: Dodged            ||    23

Table legend: (Time is in decaauts)
 A = Elapsed time spent in this place.
 B = Non-inter-level travel time spent in this place.
 C = Inter-level travel time spent in this place.
 D = Time resting spent in this place.
 E = Time spent auto-exploring this place.
 F = Levels seen in this place.
 G = Mean time per level.
                   A        B        C        D        E       F      G
               +--------+--------+--------+--------+--------+-----+--------+
         Total |    332 |    332 |      0 |      0 |    266 |   1 |  332.0 |
       Dungeon |    332 |    332 |      0 |      0 |    266 |   1 |  332.0 |
               +--------+--------+--------+--------+--------+-----+--------+

Top non-repeatable levels by time:
     D:1: 332 daAuts
